 Dungeon Crawl Stone Soup version 0.23.2-1-ga50397a (webtiles) character file.

Game seed: 6748264909476979257

84 Mimshu the Sneak (level 4, -1/27 HPs)
             Began as an Octopode Fire Elementalist on May 7, 2019.
             Slain by Natasha (10 damage)
             ... on level 2 of the Dungeon.
             The game lasted 00:06:46 (1638 turns).

Mimshu the Sneak (Octopode Fire Elementalist)       Turns: 1638, Time: 00:06:47

Health: -1/27      AC:  1    Str:  7    XL:     4   Next: 46%
Magic:  3/7        EV: 14    Int: 18    God:
Gold:   166        SH:  0    Dex: 12    Spells: 2/8 levels left

rFire    . . .     SeeInvis .   a - +0 short sword
rCold    . . .     Gourm    .   (no shield)
rNeg     . . .     Faith    .   (helmet restricted)
rPois    .         Spirit   .   (no amulet)
rElec    .         Reflect  .   c - ring of resist corrosion
rCorr    +         Harm     .   (no ring)
MR       .....                  (no ring)
Stlth    +++.......             (no ring)
HPRegen  0.09/turn              (no ring)
MPRegen  0.10/turn              (no ring)
                                (no ring)
                                (no ring)

@: very slightly contaminated, slowed, very slow
A: almost no armour, stealthy swim, amphibious, 8 rings, constrict 8, camouflage
1, gelatinous body 1
a: no special abilities


You were on level 2 of the Dungeon.
You were not hungry.

You visited 1 branch of the dungeon, and saw 2 of its levels.

You collected 166 gold pieces.

Inventory:

Hand Weapons
 a - a +0 short sword (weapon)
 i - a +0 dagger
Jewellery
 c - a ring of resist corrosion (left tentacle)
Scrolls
 e - a scroll of blinking {unknown}
 f - a scroll of teleportation
 g - a scroll of enchant armour {unknown}
Potions
 d - a potion of lignification {unknown}
 h - 2 potions of flight {unknown}
 j - a potion of agility {unknown}
Comestibles
 b - 3 rations


   Skills:
 * Level 2.6 Dodging
 * Level 3.7 Stealth
 * Level 2.6 Spellcasting
 + Level 1.7 Conjurations
 * Level 3.5 Fire Magic


You had 2 spell levels left.
You knew the following spells:

 Your Spells              Type           Power        Failure   Level  Hunger
a - Flame Tongue          Conj/Fire      ##...        6%          1    #......
b - Throw Flame           Conj/Fire      ##....       9%          2    ##.....
c - Inner Flame           Hex/Fire       #.......     24%         3    ###....

Your spell library contained the following spells:

 Spells                   Type           Power        Failure   Level  Hunger
 Conjure Flame            Conj/Fire      ##......     17%         3    ###....
 Sticky Flame             Conj/Fire      ##......     50%         4    #####..
 Fireball                 Conj/Fire      ##........   85%         5    ######.


Dungeon Overview and Level Annotations

Branches:
Dungeon (2/15)

Altars:

Annotations:
D:2 Natasha, Robin


Innate Abilities, Weirdness & Mutations

You cannot wear most types of armour.
You are very stealthy in the water. (Stealth+)
You are amphibious.
You can wear up to eight rings at the same time.
You can use your tentacles to constrict eight enemies at once.
Your skin changes colour to match your surroundings (Stealth+).
Your rubbery body absorbs attacks. (AC +1, EV +1)


Message History

Natasha hisses.
The hobgoblin closely misses you.
You closely miss the hobgoblin. Your grab misses the hobgoblin.
The hobgoblin is heavily wounded.
The hobgoblin hits you with a +0 club.
You barely miss Natasha. You grab Natasha.
You constrict Natasha, but do no damage.
Natasha closely misses you. The hobgoblin hits you with a +0 club.
Natasha closely misses you.
You hit Natasha but do no damage.
You constrict Natasha, but do no damage.
The hobgoblin closely misses you.
Natasha stares at you and mumbles some strange words.
You feel yourself slow down.
You hit Natasha.
Natasha is lightly wounded.
You constrict Natasha, but do no damage.
The adder misses you. The adder bites you. The hobgoblin barely misses you.
Natasha claws you!
You die...

...###.###.#.#
#.............#
.##.#
#.##.......##.##....
.. #.###....#...#..
#.#####....#.#.#
........#.#...# #
####....#.#..##.#
##S.#.#<...#.....#
#5h@#......5..#
#.g#####..h####
#.......5.##
#.#######.# #.#
#...# #.#####.###
#.....h.# #########


You could see Natasha, an adder, a shadow imp and a hobgoblin.

Vanquished Creatures
  Natasha (D:2)
  A gnoll (D:1)
  An adder (D:2)
  A worm (D:2)
  A leopard gecko (D:1)
  4 giant cockroaches
  4 goblins (D:1)
  3 hobgoblins
  2 jackals (D:1)
  A ball python (D:1)
  2 bats (D:1)
  5 frilled lizards
  6 kobolds
  4 rats
36 creatures vanquished.

Notes
Turn   | Place    | Note
-------+----------+-------------------------------------------
     0 | D:1      | Mimshu the Octopode Fire Elementalist began the quest for
                  | the Orb.
     0 | D:1      | Reached XP level 1. HP: 11/11 MP: 3/3
   394 | D:1      | Reached XP level 2. HP: 17/17 MP: 5/5
   402 | D:1      | Learned a level 2 spell: Throw Flame
   568 | D:1      | Reached XP level 3. HP: 21/21 MP: 6/6
   839 | D:2      | Noticed Robin
  1140 | D:2      | Noticed Natasha
  1146 | D:2      | Killed Natasha
  1146 | D:2      | Reached XP level 4. HP: 24/27 MP: 2/7
  1517 | D:2      | Learned a level 3 spell: Inner Flame
  1605 | D:2      | Noticed Natasha
  1638 | D:2      | Slain by Natasha

Skill      XL: |  1 |
---------------+----+-----
Stealth        | 3 |  3.7
Dodging        | |  2.6
Spellcasting   | |  2.6
Conjurations   | |  1.7
Fire Magic     | |  3.5

Action                   |  1- 3 |  4- 6 || total
-------------------------+-------+-------++-------
Melee: Short sword       |    47 |    27 ||    74
       Constrict         |    12 |     8 ||    20
       Tentacles         |     8 |     3 ||    11
       Unarmed           |     1 |       ||     1
 Cast: Flame Tongue      |     4 |       ||     4
       Throw Flame       |     4 |     4 ||     8
  Use: Scroll            |       |     2 ||     2
 Stab: Sleeping          |     8 |       ||     8
  Eat: Chunk             |     1 |     1 ||     2
       Ration            |       |     1 ||     1
Armor: Skin              |     7 |       ||     7
Dodge: Dodged            |    26 |    23 ||    49
